 Dungeon Sprint DCSS version 0.24.0-13-gcf9b319 (webtiles) character file.

Game seed: 10813960780858121926, levelgen mode: deterministic

450 Fang the Fighter (level 7, -16/50 HPs)
             Began as a Gargoyle Berserker on Nov 11, 2019.
             Was a Believer of Trog.
             Killed from afar by a red draconian (42 damage)
             ... with a searing blast
             ... in the Dungeon (Sprint V: "Ziggurat Sprint").
             The game lasted 00:00:47 (157 turns).

Fang the Fighter (Gargoyle Berserker)                Turns: 157, Time: 00:00:48

Health: -16/50     AC: 32    Str: 34    XL:     7   Next: 4%
Magic:  7/7        EV:  3    Int:  8    God:    Trog [**....]
Gold:   0          SH: 30    Dex:  9    Spells: 6/6 levels left

rFire    . . .     SeeInvis .   a - +5 broad axe
rCold    . . .     Gourm    .   E - +18 shield of the Gong {rElec rN+ MR+ EV-5}
rNeg     + + .     Faith    .   b - +15 Maxwell's patent armour {-Cast -Tele rElec MR+ rCorr}
rPois    ∞         Spirit   .   (no helmet)
rElec    +         Reflect  .   (no cloak)
rCorr    +         Harm     .   (no gloves)
MR       ++...     NoTele   +   (no boots) Stlth ..........NoCast +
                                (no amulet)
HPRegen  0.16/turn              D - +6 ring of strength
MPRegen  0.10/turn              C - +6 ring of strength

@: berserk cooldown, slowed, very slow
A: negative energy resistance 1, electricity resistance, unbreathing,
petrification resistance, rot immunity, AC +4
a: Berserk, Trog's Hand, Renounce Religion


You were in the Dungeon.
You worshipped Trog.
Trog was pleased with you.
You were not hungry.

You visited 1 branch

Inventory:

Hand Weapons
 a - a +5 broad axe (weapon)
Armour
 b - the +15 Maxwell's patent armour (worn) {-Cast -Tele rElec MR+ rCorr}
   (You found it in the Dungeon)

   It insulates you from electricity.
   It affects your resistance to hostile enchantments.
   It prevents spellcasting.
   It prevents most forms of teleportation.
   It provides partial protection from all sources of acid and corrosion.
 E - the +18 shield of the Gong (worn) {rElec rN+ MR+ EV-5}
   (You found it in the Dungeon)

   It affects your evasion (-5).
   It insulates you from electricity.
   It protects you from negative energy.
   It affects your resistance to hostile enchantments.
Jewellery
 C - a +6 ring of strength (right hand)
 D - a +6 ring of strength (left hand)
Wands
 u - a wand of disintegration (7)
 v - a wand of iceblast (7)
 w - a wand of acid (7)
Scrolls
 i - 4 scrolls of blinking
 j - 7 scrolls of fog
 k - a scroll of holy word
 l - 5 scrolls of identify
 m - 5 scrolls of remove curse
 n - 2 scrolls of fear
Potions
 d - 10 potions of curing
 e - 10 potions of heal wounds
 f - 6 potions of haste
 h - 3 potions of berserk rage
 p - 2 potions of invisibility
 q - 4 potions of resistance
 r - a potion of experience
 s - 5 potions of agility
 t - 5 potions of might
Comestibles
 c - 8 rations


   Skills:
 * Level 8.7 Fighting
 * Level 7.2 Axes
 + Level 5.9 Armour
 + Level 4.4 Dodging
 * Level 7.9 Shields


You had 6 spell levels left.
You didn't know any spells.
Your spell library was empty.

Dungeon Overview and Level Annotations

Branches:
Dungeon (1/1)

Altars:
Ashenzari
Cheibriados
Dithmenos
Elyvilon
Fedhas
Gozag
Hepliaklqana
Kikubaaqudgha
Makhleb
Nemelex Xobeh
Okawaru
Qazlal
Ru
Sif Muna
Trog
Uskayaw
Vehumet
Wu Jian
Xom
Yredelemnul
Zin
The Shining One
Beogh
Jiyva
Lugonu

Annotations:
D 1 transporter


Innate Abilities, Weirdness & Mutations

You are resistant to torment.
Your stone body is resilient. (AC +4)
You are immune to poison.
You resist negative energy. (rN+)
You are resistant to electric shocks. (rElec)
You can survive without breathing.
You are immune to petrification.
You are immune to rotting.


Message History

You closely miss the draconian.
The draconian is severely wounded.
You hit the red draconian but do no damage.
Your skin stops crawling.
You feel less resistant to hostile enchantments.
You block the draconian's attack.
GONNNNG!
The red draconian hits you but does no damage.
You block the draconian's attack.
GONNNNG!
You hit the draconian.
The draconian is severely wounded.
You slash the red draconian! You block the red draconian's attack.
SHROANNG!
You block the draconian's attack.
PTOANNNG!
The red draconian breathes flames at you.
The searing blast hits you!!!
Ouch! That really hurt!
You die...

▓▓▓▓▓▓▓▓▓▓▓▓▓
▓.8©8.▓.8©8.▓
▓.:[).▓.....▓
▓.....▓.)...▓
▓.....▓.....▓
▓.d†d.▓.....▓
▓..@..▓..©..▓
▓..©..▓▓▓▓▓▓▓
▓▓▓▓▓▓▓


You could see a red draconian and a draconian.

Vanquished Creatures
  A draconian (D)
  A quasit (D)
  An iron imp (D)
3 creatures vanquished.

Notes
Turn   | Place    | Note
-------+----------+-------------------------------------------
     0 | D        | Fang the Gargoyle Berserker began the quest for the Orb.
     0 | D        | Reached XP level 1. HP: 14/14 MP: 1/1
     0 | D        | Found a blossoming altar of Fedhas.
     1 | D        | Found the +6 Majin-Bo {vamp, Archmagi MP+6 Int+6}
     1 | D        | Found the +7 great mace "Firestarter" {inner flame, rF++}
     1 | D        | Found a transporter.
     1 | D        | Found a viscous altar of Jiyva.
     1 | D        | Found an ancient bone altar of Kikubaaqudgha.
     1 | D        | Found a hazy altar of Hepliaklqana.
     1 | D        | Found a corrupted altar of Lugonu.
     1 | D        | Found an opulent altar of Gozag.
     1 | D        | Found a burning altar of Makhleb.
    25 | D        | Found a stormy altar of Qazlal.
    25 | D        | Found an iron altar of Okawaru.
    25 | D        | Found a sacrificial altar of Ru.
    25 | D        | Found a sparkling altar of Nemelex Xobeh.
    25 | D        | Found a shimmering blue altar of Sif Muna.
    25 | D        | Found a bloodstained altar of Trog.
    32 | D        | Found the +9 heavy crossbow "Sniper" {velocity, Acc+∞ SInv}
    32 | D        | Found the +10 dark maul {crush}
    32 | D        | Found the +15 Maxwell's patent armour {-Cast -Tele rElec
                  | MR+ rCorr}
    32 | D        | Found the +18 shield of the Gong {rElec rN+ MR+ EV-5}
    32 | D        | Found the cursed +14 obsidian axe {chop, +Fly SInv *Curse}
    85 | D        | Entered arena 2.
    85 | D        | Noticed an iron imp
    85 | D        | Noticed a quasit
    85 | D        | Found a transporter.
    90 | D        | Killed an iron imp
    90 | D        | Reached skill level 4 in Fighting
    90 | D        | Reached XP level 2. HP: 20/20 MP: 2/2
    90 | D        | Reached XP level 3. HP: 24/24 MP: 3/3
    92 | D        | Reached skill level 5 in Fighting
    92 | D        | Reached XP level 4. HP: 31/31 MP: 4/4
   136 | D        | Entered arena 3.
   136 | D        | Noticed a red draconian
   136 | D        | Noticed a draconian
   136 | D        | Noticed a draconian
   136 | D        | Found a transporter.
   148 | D        | Killed a draconian
   148 | D        | Reached ** piety under Trog
   148 | D        | Reached skill level 8 in Fighting
   148 | D        | Reached skill level 5 in Armour
   148 | D        | Reached XP level 5. HP: 37/40 MP: 5/5
   148 | D        | Reached XP level 6. HP: 41/45 MP: 6/6
   148 | D        | Reached XP level 7. HP: 46/50 MP: 7/7
   157 | D        | Killed from afar by a red draconian

Levels and vault maps discovered:
D:        sprint_v [room_start, room_1, room_2, room_3, room_4, room_5, room_6,
          room_7, room_8, room_9, room_10, room_11, room_12, room_13, room_14,
          room_15, room_16, room_17, room_18, room_19, room_20, room_21,
          room_22, room_23, room_24, room_25, room_26, room_27]

Skill      XL: |  1  2  3  4 |
---------------+-------------+-----
Fighting       | 4 5 8 |  8.7
Axes           | 3 4 7 |  7.2
Armour         | 3 5 |  5.9
Dodging        | 2 4 |  4.4
Shields        | 3 7 |  7.9

Action                   |  1- 3 |  4- 6 |  7- 9 || total
-------------------------+-------+-------+-------++-------
Melee: Broad axe         |     6 |    10 |     6 ||    22
Invok: Berserk           |     1 |     1 |       ||     2
       Trog's Hand       |       |       |     1 ||     1
Armor: Plate armour      |     8 |     4 |     6 ||    18
Dodge: Dodged            |       |     1 |     2 ||     3
Block: Shield            |    13 |    16 |    14 ||    43
